[Event "*** SCC Grand Prix: Titled Tuesday Blitz"]
[Site "Chess.com"]
[Date "2020.06.23"]
[Round "10"]
[White "SergeyKarjakin"]
[Black "Harsha_Bharathakoti"]
[Result "1-0"]
[WhiteElo "2958"]
[BlackElo "2829"]
[TimeControl "180+1"]
[EndTime "11:57:38 PDT"]
[Termination "SergeyKarjakin won by resignation"]

1. e4 c5 2. Nf3 d6 3. d4 cxd4 4. Nxd4 Nf6 5. Nc3 a6 6. Bd3 g6 7. Be3 Bg7 8. f3 Nc6 9. Qd2 Bd7 10. O-O-O Rc8 11. Kb1 Ne5 12. g4 Qa5 13. h4 h5 14. g5 Nh7 15. Rhe1 Nxd3 16. Qxd3 O-O 17. Nd5 Rfe8 18. f4 Bg4 19. Rc1 e6 20. Nb3 Qd8 21.
Bb6 Qd7 22. Ne3 Rc6 23. Ba5 Rec8 24. Nxg4 hxg4 25. Rg1 Rc4 26. Bd2 e5 27. f5 gxf5 28. exf5 e4 29. Qd5 Nf8 30. f6 Bh8 31. Be3 Qe6 32.
Qxb7 d5 33. Nd4 Qe5 34. c3 Ne6 35. Qxa6 Nxd4 36. Bxd4 Qf5 37. Ka1 Qd7 38. Rcf1 Ra4 39. Qb6 Rca8 40. a3 e3 41. Bxe3 Rxa3+ 42. bxa3 Rxa3+ 43. Kb2 Qa4 44. Qd8+ Kh7 45. Qxd5 1-0

[Event "*** SCC Grand Prix: Titled Tuesday Blitz"]
[Site "Chess.com"]
[Date "2020.06.23"]
[Round "10"]
[White "baby_leo"]
[Black "JiiHart"]
[Result "0-1"]
[WhiteElo "1962"]
[BlackElo "2151"]
[TimeControl "180+1"]
[EndTime "11:57:38 PDT"]
[Termination "JiiHart won on time"]

1. Nf3 g6 2. c4 Bg7 3. e4 d6 4. Nc3 e5 5. d4 exd4 6. Nxd4 Nc6 7.
Nde2 Nge7 8. f3 O-O 9. Be3 Ne5 10.
b3 c6 11. Qd2 f5 12. Nd4 Qa5 13. Rc1 fxe4 14. Nxe4 Qxd2+ 15. Kxd2 d5 16. Nc3 dxc4 17. bxc4 Nf5 18. Nxf5 Bxf5 19. Be2 Rfd8+ 20. Ke1 Bd3 21. Kf2 Bxe2 22. Kxe2 Nxc4 23. Bg5 Re8+ 24. Ne4 Nd6 25. Kd3 h6 26. Nxd6 Re6 27. Nxb7 hxg5 28.
Rhe1 Rxe1 29. Rxe1 Rb8 30. Nc5 Rd8+ 31. Kc4 Rd4+ 32.
Kb3 Kf7 33. Ne6 Rd3+ 34. Kc4 Rc3+ 35. Kb4 Bf6 36. Nc5 Rc2 37. Nb3 Be7+ 38. Nc5 Rb2+ 39.
Kc3 Rxa2 40. Nb3 Rxg2 41. Rh1 Rf2 42. h4 Rxf3+ 43. Kc4 gxh4 44. Rf1 Rxf1 0-1

[Event "*** SCC Grand Prix: Titled Tuesday Blitz"]
[Site "Chess.com"]
[Date "2020.06.23"]
[Round "10"]
[White "sertalzin"]
[Black "luizwas"]
[Result "1/2-1/2"]
[WhiteElo "1994"]
[BlackElo "1807"]
[TimeControl "180+1"]
[EndTime "11:57:38 PDT"]
[Termination "Game drawn by repetition"]

1. d4 Nf6 2. c4 e6 3. Nc3 Bb4 4. e3 c5 5. Ne2 O-O 6. a3 Bxc3+ 7. Nxc3 cxd4 8. exd4 d5 9. Bd3 dxc4 10. Bxc4 b6 11. O-O Bb7 12. Be3 Nc6 13. Qd3 Ne7 14. Rad1 Rc8 15. Ba2 Ned5 16. Bg5 h6 17. Bxd5 Bxd5 18. Nxd5 hxg5 19. Nxf6+ Qxf6 20. Rd2 Rfd8 21. Qa6 Rc7 22. Rfd1 Rcd7 23. Qc4 Qf5 24. h3 Qd5 25. Qc3 e5 26. dxe5 Qxd2 27. Rxd2 Rxd2 28. e6 fxe6 29. Qe5 Kf7 30.
Qxg5 R8d5 31. Qf4+ Ke7 32. Qc7+ Rd7 33. Qc3 Rd1+ 34.
Kh2 Kf7 35. Qf3+ Ke7 36. Qg4 Kf7 37. h4 R1d2 38. Qf4+ Ke7 39. h5 R2d5 40. Qh4+ Kf7 41. h6 gxh6 42. Qxh6 Rd2 43. Qh5+ Ke7 44. Qg5+ Kd6 45.
Qf4+ Ke7 46. Qg5+ Ke8 47. Qg6+ Ke7 48. Qg5+ 1/2-1/2

[Event "*** SCC Grand Prix: Titled Tuesday Blitz"]
[Site "Chess.com"]
[Date "2020.06.23"]
[Round "10"]
[White "iaraldinho"]
[Black "ArnieChipmunk"]
[Result "1-0"]
[WhiteElo "2529"]
[BlackElo "2326"]
[TimeControl "180+1"]
[EndTime "11:57:39 PDT"]
[Termination "iaraldinho won on time"]

1. e4 e5 2. Nf3 d6 3. d4 f5 4. dxe5 fxe4 5. Ng5 d5 6. c4 Bb4+ 7. Bd2 Qxg5 8. Bxb4 d4 9. Qxd4 Nc6 10. Qd2 e3 11.
fxe3 Nxb4 12. Qxb4 Qxe3+ 13. Be2 Bg4 14. Qd2 Qxe5 15.
O-O Bxe2 16. Re1 Qc5+ 17. Kh1 Ne7 18. Qxe2 O-O-O 19. Nc3 Nc6 20. Nd5 Rhf8 21. Rad1 Nb4 22. Qe6+ Kb8 23. Nxb4 Qxb4 24. h3 Qxb2 25. Rb1 Qd4 26.
Rxb7+ Kxb7 27. Rb1+ Qb6 28. Rxb6+ axb6 29. Qe4+ Kb8 30. Qxh7 Rd2 31. Qxg7 Rff2 32. a4 Ra2 33. Qg8+ Kb7 34. Qe8 Ka7 35. Qc6 Kb8 36. h4 Rf4 37.
Qe8+ Kb7 38. h5 Rh4+ 39. Kg1 Rxc4 40. h6 Rc1+ 41. Kh2 Raa1 42. h7 Rh1+ 43. Kg3 Ra3+ 44. Kf2 1-0

[Event "*** SCC Grand Prix: Titled Tuesday Blitz"]
[Site "Chess.com"]
[Date "2020.06.23"]
[Round "10"]
[White "Lenyas66"]
[Black "kakakz"]
[Result "0-1"]
[WhiteElo "2496"]
[BlackElo "2374"]
[TimeControl "180+1"]
[EndTime "11:57:41 PDT"]
[Termination "kakakz won by resignation"]

1. e4 c5 2. Nf3 d6 3. Bb5+ Bd7 4.
Bxd7+ Nxd7 5. O-O Ngf6 6. Qe2 e6 7. c3 Be7 8. d4 O-O 9. e5 Ne8 10. dxc5 Nxc5 11. Rd1 Qc7 12. Bf4 d5 13. Nbd2 Qb6 14. Rab1 Nc7 15. c4 Qa6 16. b4 Na4 17. b5 Qb6 18.
Rdc1 Rfd8 19. h4 d4 20. Ne4 d3 21. Qd2 Nc5 22. Nd6 Bxd6 23. exd6 Ne8 24. Be3 Nxd6 25. Qb4 Rac8 26. Nd2 Nf5 27. Bg5 f6 28. Bf4 Nxh4 29. a4 e5 30. a5 Qd6 31. Be3 Nf5 32. Bxc5 Qxc5 33. Qxc5 Rxc5 34. Ne4 Rcc8 35. c5 Rd4 36. f3 Ne3 37. Rc3 d2 38. Rxe3 d1=Q+ 39. Rxd1 Rxd1+ 40. Kh2 f5 41. Nc3 Rc1 42. Na4 R1xc5 43.
Nxc5 Rxc5 44. Rb3 b6 45. axb6 axb6 46. Kg3 Kf7 47. Kf2 Ke6 48. Ke3 g5 49. g3 h5 50.
Kd3 g4 51. fxg4 hxg4 52. Ke3 Kd6 53. Rd3+ Rd5 54. Rb3 Kc5 0-1

[Event "*** SCC Grand Prix: Titled Tuesday Blitz"]
[Site "Chess.com"]
[Date "2020.06.23"]
[Round "10"]
[White "JoachimMouhamad"]
[Black "WinstonSilvakov"]
[Result "1-0"]
[WhiteElo "2422"]
[BlackElo "2139"]
[TimeControl "180+1"]
[EndTime "11:57:42 PDT"]
[Termination "JoachimMouhamad won by resignation"]

1. e4 Nf6 2. e5 Nd5 3. d4 d6 4. c4 Nb6 5. exd6 cxd6 6. Nc3 g6 7. Be3 Bg7 8. Rc1 O-O 9. b3 e5 10. dxe5 dxe5 11. Qxd8 Rxd8 12. Nf3 Bg4 13. Be2 Nc6 14. O-O f5 15. Rfd1 Bxf3 16. gxf3 Nd4 17. Bxd4 Rxd4 18. Rxd4 exd4 19. Nd1 Nd7 20. c5 Rc8 21. b4 a5 22. a3 axb4 23. axb4 Ne5 24. Nb2 b6 25. Ba6 Rc7 26. Nc4 bxc5 27. Nxe5 Bxe5 28. bxc5 Kf7 29. h3 Kf6 30. Kf1 Kg5 31. Ke2 Kf4 32. c6 g5 33. Bb7 h5 34. Rc2 Re7 35. Kd3 Kxf3 36. c7+ Kf4 37. c8=Q Rxb7 38. Qxb7 g4 39. Qh1 h4 40.
hxg4 Kxg4 41. f3+ Kg5 42. Rg2+ Kh5 43. Rh2 Bxh2 44. Qxh2 Kg5 45. Kxd4 f4 46. Ke4 Kh5 47. Kxf4 Kg6 48. Qxh4 1-0

[Event "*** SCC Grand Prix: Titled Tuesday Blitz"]
[Site "Chess.com"]
[Date "2020.06.23"]
[Round "10"]
[White "KyrgyzFighter"]
[Black "MrChampion_Coach"]
[Result "1-0"]
[WhiteElo "2316"]
[BlackElo "2424"]
[TimeControl "180+1"]
[EndTime "11:57:43 PDT"]
[Termination "KyrgyzFighter won by checkmate"]

1. c4 e5 2. Nc3 Bb4 3. Nd5 Na6 4.
e3 Nf6 5. a3 Be7 6. g3 Nxd5 7.
cxd5 h5 8. h4 Nc5 9. b4 Ne4 10.
Bb2 d6 11. d3 Nf6 12. Qb3 a5 13. Ne2 Bg4 14. Bg2 axb4 15. axb4 Rxa1+ 16. Bxa1 O-O 17. Nc3 Qd7 18. O-O Bh3 19. b5 Bxg2 20. Kxg2 Ng4 21. b6 f5 22. bxc7 f4 23. exf4 exf4 24. Qxb7 f3+ 25. Kg1 Rc8 26. Ne4 Rxc7 27. Qb8+ Rc8 28. Qb3 Ne5 29. Kh2 Ng4+ 30. Kg1 Bxh4 31. d4 Bf6 32. Qxf3 Rf8 33. Re1 Bxd4 34. Qd3 Nxf2 35.
Qxd4 Qg4 36. Qxg7+ Qxg7 37. Bxg7 Nh3+ 38. Kg2 Nf4+ 39.
gxf4 Kxg7 40. Nxd6 Rxf4 41. Kg3 Rd4 42. Nf5+ Kf6 43.
Nxd4 h4+ 44. Kxh4 Kf7 45. d6 Kf6 46. d7 Kf7 47. d8=Q Kg6 48. Rg1+ Kf7 49. Qd7+ Kf6 50.
Qe6# 1-0

[Event "*** SCC Grand Prix: Titled Tuesday Blitz"]
[Site "Chess.com"]
[Date "2020.06.23"]
[Round "10"]
[White "bratkoo"]
[Black "antoszu"]
[Result "0-1"]
[WhiteElo "2429"]
[BlackElo "2553"]
[TimeControl "180+1"]
[EndTime "11:57:44 PDT"]
[Termination "antoszu won by checkmate"]

1. e4 e6 2. d4 d5 3. Nd2 c5 4.
exd5 Qxd5 5. Ngf3 cxd4 6. Bc4 Qd7 7. O-O Nc6 8. Nb3 Nf6 9. Nbxd4 Nxd4 10. Nxd4 a6 11.
a4 Qc7 12. Qe2 Be7 13. Re1 O-O 14. b3 Bd6 15. h3 Bd7 16. Bb2 Rfe8 17. Nf3 Bc6 18.
Ne5 Bd5 19. Rad1 Bb4 20. Ng4 Nd7 21. Bxd5 Bxe1 22. Rxe1 exd5 23. Qxe8+ Rxe8 24. Rxe8+ Nf8 25. Ba3 h5 26. Ne3 d4 27. Rxf8+ Kh7 28. Nc4 b5 29. axb5 axb5 30. Nd6 Qxc2 31. Nxf7 d3 32. f4 d2 33.
Ng5+ Kh6 34. Rd8 d1=Q+ 35. Rxd1 Qxd1+ 36. Kh2 Qxb3 37. Bf8 Kg6 38. Nf3 Kf7 39. Bd6 Qd5 40. Be5 b4 41. Nd4 b3 42. Nxb3 Qxb3 43.
g4 hxg4 44. hxg4 Qc2+ 45. Kh3 g6 46. Kh4 Qd3 47. Kg5 Qd8+ 48. Kh6 Qh4# 0-1

[Event "*** SCC Grand Prix: Titled Tuesday Blitz"]
[Site "Chess.com"]
[Date "2020.06.23"]
[Round "10"]
[White "Yuri202062"]
[Black "1f3_2g41-0"]
[Result "0-1"]
[WhiteElo "2397"]
[BlackElo "2256"]
[TimeControl "180+1"]
[EndTime "11:57:44 PDT"]
[Termination "1f3_2g41-0 won by resignation"]

1. d4 Nf6 2. c4 g6 3. Nc3 d5 4. cxd5 Nxd5 5. e4 Nxc3 6. bxc3 Bg7 7. Bg5 O-O 8. Rc1 h6 9. Be3 Nc6 10. Qd2 Na5 11. Bxh6 c5 12. Bxg7 Kxg7 13. Nf3 Bg4 14. Be2 Rc8 15. O-O Qc7 16. h3 Bxf3 17. Bxf3 Rfd8 18.
d5 Nc4 19. Qc2 Qf4 20. Rcd1 e5 21. Be2 Nd6 22. Bg4 Rc7 23. Rfe1 c4 24. g3 Qh6 25.
Kg2 Rh8 26. h4 Rd8 27. Qd2 Qxd2 28. Rxd2 f5 29. exf5 gxf5 30. Bd1 Kf6 31. f3 Rc5 32.
Bc2 Nb5 33. Re3 Rcxd5 34. Rde2 Rd2 35. Kf2 Rxe2+ 36. Kxe2 Na3 37. Bd1 Nb1 38. Bc2 Rd2+ 39. Ke1 Rxc2 40. h5 Rxc3 41. Re2 Rxf3 42. Rb2 Nc3 43. Rxb7 Rxg3 44. h6 Rh3 45. h7 Nd5 46. Rxa7 c3 47. Kd1 Ne3+ 48. Ke1 c2 49. Rc7 Rh1+ 50. Ke2 f4 51. Rc6+ Kf5 52. Rc8 Rxh7 0-1

[Event "*** SCC Grand Prix: Titled Tuesday Blitz"]
[Site "Chess.com"]
[Date "2020.06.23"]
[Round "10"]
[White "Fandorine"]
[Black "alexrustemov"]
[Result "0-1"]
[WhiteElo "2884"]
[BlackElo "2755"]
[TimeControl "180+1"]
[EndTime "11:57:46 PDT"]
[Termination "alexrustemov won on time"]

1. e4 e6 2. d4 d5 3. Nc3 Bb4 4. e5 c5 5. a3 Bxc3+ 6. bxc3 Ne7 7. a4 Qc7 8. Nf3 h6 9. Bb5+ Bd7 10. Be2 b6 11. O-O Bc8 12. Re1 Ba6 13. Bb5+ Bxb5 14. axb5 a6 15. c4 O-O 16. cxd5 Nxd5 17. c4 Ne7 18.
dxc5 bxc5 19. Qd6 Rc8 20. Rd1 Qb7 21. Nh4 g5 22. Nf3 Nf5 23. Qd2 axb5 24. Rxa8 Qxa8 25.
Nxg5 Nc6 26. Ne4 Rd8 27. Qe2 Rxd1+ 28. Qxd1 bxc4 29. Nf6+ Kf8 30. Nd7+ Ke7 31. Bxh6 Ncd4 32. Nb6 Qa6 33. Bg5+ Ke8 34. g4 Qxb6 35. gxf5 Nxf5 36. Qf3 Qa6 37. h4 Nd4 38. Qe4 c3 39. h5 Qe2 40.
Qxe2 Nxe2+ 41. Kf1 Nd4 0-1

[Event "*** SCC Grand Prix: Titled Tuesday Blitz"]
[Site "Chess.com"]
[Date "2020.06.23"]
[Round "10"]
[White "DenisQ"]
[Black "GMBenjaminBok"]
[Result "0-1"]
[WhiteElo "2645"]
[BlackElo "2841"]
[TimeControl "180+1"]
[EndTime "11:57:46 PDT"]
[Termination "GMBenjaminBok won on time"]

1. Nf3 d5 2. d4 Nf6 3. c4 e6 4.
Nc3 c6 5. e3 Nbd7 6. Qc2 Bd6 7.
b3 O-O 8. Bb2 b6 9. Be2 Bb7 10.
O-O Qe7 11. e4 dxe4 12. Nxe4 Nxe4 13. Qxe4 Nf6 14. Qc2 c5 15. Rad1 Rad8 16. Rfe1 cxd4 17. Nxd4 Bb8 18. Bf3 Bxf3 19. Nxf3 Rxd1 20. Rxd1 Rd8 21. Rxd8+ Qxd8 22. Qd2 Qxd2 23. Nxd2 Kf8 24. Bxf6 gxf6 25. g4 Ke7 26. Kg2 Kd6 27. f4 f5 28. gxf5 exf5 29. b4 Kc6 30. Nb3 Bxf4 31. Nd4+ Kd7 32. Nxf5 Be5 33. h3 Bc3 34. a3 Ke6 35. Ne3 Ke5 36. Kf3 f5 37. Nc2 Bb2 38. a4 Bc3 39. Ke3 f4+ 40.
Kf3 Bd2 41. c5 bxc5 42. bxc5 Kd5 43. c6 Kxc6 44. Nd4+ Kd5 45. Nb5 a5 0-1

[Event "*** SCC Grand Prix: Titled Tuesday Blitz"]
[Site "Chess.com"]
[Date "2020.06.23"]
[Round "10"]
[White "skoularikii"]
[Black "Spartakus1975"]
[Result "0-1"]
[WhiteElo "2504"]
[BlackElo "2686"]
[TimeControl "180+1"]
[EndTime "11:57:46 PDT"]
[Termination "Spartakus1975 won by resignation"]

1. e4 e6 2. d4 d5 3. Nc3 Nf6 4. Bg5 Bb4 5. e5 h6 6. Bc1 Ne4 7. Ne2 c5 8. a3 Qa5 9. Bd2 Bxc3 10. Bxc3 Nxc3 11. Nxc3 Nc6 12. dxc5 Qxc5 13. f4 Qe3+ 14.
Ne2 g5 15. Qd3 gxf4 16. Qxe3 fxe3 17. Nf4 Nxe5 18. Ke2 d4 19. c3 dxc3 20. bxc3 Bd7 21. Kxe3 Bc6 22. c4 O-O-O 23. Be2 Rhg8 24. Rhd1 Kc7 25. g3 Nd7 26. Nh5 f5 27. Nf4 Nc5 28. Bh5 e5 29. Ne2 Rxd1 30. Rxd1 Rd8 31. Rxd8 Kxd8 32.
Bg6 Bd7 33. Nc3 Ke7 34. Nd5+ Kd6 35. Nf6 Be6 36. h4 a5 37. Ne8+ Ke7 38. Nc7 Kf6 39. Nxe6 Nxe6 40. Be8 b6 41. Bc6 Nc5 42. Bd5 e4 43.
Kf4 Nd3+ 44. Ke3 Ke5 45. Bf7 Nc5 46. Bd5 Nd7 47. g4 f4+ 48. Ke2 Nf6 49. g5 f3+ 50. Kf2 hxg5 51. hxg5 Nxd5 52. g6 Ne7 53. c5 bxc5 54.
g7 Kf4 0-1

[Event "*** SCC Grand Prix: Titled Tuesday Blitz"]
[Site "Chess.com"]
[Date "2020.06.23"]
[Round "10"]
[White "Roman_Ovetchkin"]
[Black "praveenb2002"]
[Result "0-1"]
[WhiteElo "2564"]
[BlackElo "2766"]
[TimeControl "180+1"]
[EndTime "11:57:47 PDT"]
[Termination "praveenb2002 won on time"]

1. d4 Nf6 2. c4 e6 3. Nf3 d5 4. g3 dxc4 5. Bg2 Nc6 6. O-O a6 7. Bg5 Be7 8. e3 O-O 9. Nbd2 e5 10. Nxc4 exd4 11. Nxd4 Nxd4 12. Qxd4 Qxd4 13. exd4 Rd8 14. Rfe1 Kf8 15. Rad1 Bg4 16. Rd3 c6 17. a3 Be6 18.
Nb6 Rab8 19. Bf4 Bd6 20. Bg5 Bc7 21. Na4 Bf5 22. Rdd1 Bc2 23. Nc5 Bxd1 24. Rxd1 Bb6 25. b4 Bc7 26. Bh3 Kg8 27. Bxf6 gxf6 28. Nd7 Ra8 29.
Nxf6+ Kg7 30. Nd7 Re8 31. d5 cxd5 32. Rxd5 Re1+ 33. Kg2 h6 34. Rc5 Bd6 35. Rd5 Be7 36. Bg4 Rd8 37. Bf3 Ra1 38. Rd3 b5 39. Bb7 a5 40. bxa5 Rxa3 41. Rxa3 Bxa3 42. Bc6 b4 43. Ne5 b3 44. Nc4 Bc5 45. a6 Rd4 0-1

[Event "*** SCC Grand Prix: Titled Tuesday Blitz"]
[Site "Chess.com"]
[Date "2020.06.23"]
[Round "10"]
[White "reutik"]
[Black "tan275"]
[Result "0-1"]
[WhiteElo "2424"]
[BlackElo "2299"]
[TimeControl "180+1"]
[EndTime "11:57:47 PDT"]
[Termination "tan275 won on time"]

1. d4 d5 2. c4 e6 3. Nf3 Nf6 4. g3 dxc4 5. Bg2 c5 6. O-O Nc6 7. Qa4 Bd7 8. Qxc4 b5 9. Qd3 Rc8 10. dxc5 Bxc5 11. a3 O-O 12. Be3 Bxe3 13. Qxe3 Qe7 14.
Nc3 a6 15. Rad1 Rfd8 16. Ne5 Nxe5 17. Qxe5 Be8 18. Rxd8 Rxd8 19. Rc1 h6 20. Rc2 Qd6 21. Qxd6 Rxd6 22. h3 Bc6 23. Bxc6 Rxc6 24. Rd2 Nd5 25. Nxd5 exd5 26. e3 Rc1+ 27. Kg2 Rb1 28. Kf3 f6 29. e4 dxe4+ 30. Kxe4 Kf7 31. Kd5 Rc1 32. Kd6 Rc4 33. h4 Rc1 34. Re2 Kg6 35. Ke6 Rc6+ 36. Kd5 Rc1 37.
Ke6 Rc6+ 38. Kd5 Rc1 39. Ke4 Rc4+ 40. Kf3 Kf7 41. h5 f5 42. Re5 Kf6 43. Rd5 Ke6 44.
Rd2 Ke7 45. Kg2 Ke6 0-1

[Event "*** SCC Grand Prix: Titled Tuesday Blitz"]
[Site "Chess.com"]
[Date "2020.06.23"]
[Round "10"]
[White "VMikhalevski"]
[Black "wonderfultime"]
[Result "0-1"]
[WhiteElo "2800"]
[BlackElo "2957"]
[TimeControl "180+1"]
[EndTime "11:57:48 PDT"]
[Termination "wonderfultime won by resignation"]

1. d4 d5 2. c4 c6 3. cxd5 cxd5 4. Bg5 Qb6 5. Nc3 e6 6. Qd2 Be7 7. Bxe7 Nxe7 8. Nf3 O-O 9. e3 Nd7 10. Bd3 Nf6 11. Ne5 Bd7 12. O-O Rfc8 13. Rac1 Qd6 14. f3 Rc7 15. Rc2 Rac8 16. Rfc1 a6 17. Qf2 h6 18. Qg3 Qb6 19. h4 Bb5 20. Qf2 Ne8 21. Qf1 Nd6 22. g4 f6 23. Bxb5 Nxb5 24. Nd3 Nxc3 25.
bxc3 Qd6 26. Qf2 e5 27. Qh2 Nc6 28. g5 fxg5 29. hxg5 Qg6 30. Nxe5 Qxg5+ 31. Kf2 Qf5 32. Rd2 Rf8 33. Qg3 Nxe5 34. dxe5 Rc6 35. Rxd5 Rg6 36. Qf4 Qh5 37. Qxf8+ Kxf8 38. Ke2 Rg2+ 39.
Kd3 Qxf3 40. c4 Qe2+ 41. Kd4 Qb2+ 42. Kc5 Qxc1 43. Kd6 Qxe3 44. Ke6 Rg6+ 45. Kf5 Qg5+ 46. Ke4 Qg4+ 0-1

[Event "*** SCC Grand Prix: Titled Tuesday Blitz"]
[Site "Chess.com"]
[Date "2020.06.23"]
[Round "10"]
[White "c63_amg"]
[Black "GianmarcoVaR"]
[Result "0-1"]
[WhiteElo "2706"]
[BlackElo "2393"]
[TimeControl "180+1"]
[EndTime "11:57:50 PDT"]
[Termination "GianmarcoVaR won by resignation"]

1. e4 c6 2. d4 d5 3. e5 Bf5 4. h4 h5 5. Bd3 Bxd3 6. Qxd3 e6 7.
Bg5 Qa5+ 8. Nc3 Qa6 9. Qd2 Ne7 10. Nf3 Nf5 11. Ne2 c5 12. c3 Nc6 13. O-O Rc8 14. Ng3 Nxg3 15. fxg3 cxd4 16. cxd4 Bb4 17. Qf2 Qd3 18. a3 Ba5 19. Rad1 Qg6 20. Be3 Ne7 21. b4 Bb6 22. a4 a6 23. a5 Ba7 24. Ng5 O-O 25.
b5 axb5 26. Qe2 Nf5 27. Bf2 Rc4 28. g4 Nxd4 29. Bxd4 Bxd4+ 30. Kh1 hxg4 31. Rf4 Qh5 32.
g3 Bc3 33. Rdf1 Rxf4 34. Rxf4 b4 35. Qb5 Qg6 36. Rxg4 Qb1+ 37. Kh2 Qc2+ 38. Kh3 Qd1 39. Rf4 Bxe5 40. Rxf7 Rxf7 41. Qe8+ Rf8 42. Qxe6+ Kh8 43.
Qxe5 Qf1+ 44. Kg4 Qf5+ 45. Qxf5 Rxf5 46. Kxf5 b3 47. Nf7+ Kg8 48. a6 bxa6 0-1

[Event "*** SCC Grand Prix: Titled Tuesday Blitz"]
[Site "Chess.com"]
[Date "2020.06.23"]
[Round "10"]
[White "verdest"]
[Black "Sadykov_Ramil"]
[Result "0-1"]
[WhiteElo "2530"]
[BlackElo "2410"]
[TimeControl "180+1"]
[EndTime "11:57:51 PDT"]
[Termination "Sadykov_Ramil won by resignation"]

1. d4 d5 2. c4 c6 3. Nf3 Nf6 4. e3 Bf5 5. Nc3 e6 6. Nh4 Be4 7. f3 Bg6 8. Qb3 Qc7 9. g3 Be7 10. Nxg6 hxg6 11. Bd2 Nbd7 12. Kf2 a6 13. cxd5 cxd5 14.
Rc1 Qb6 15. Na4 Qxb3 16. axb3 Bd6 17. Nc5 Rb8 18. Bd3 Ke7 19. Kg2 Rhc8 20. b4 Nb6 21. b3 Rc7 22. e4 dxe4 23. fxe4 e5 24. d5 Nbd7 25. Nxd7 Nxd7 26. Rxc7 Bxc7 27. h4 Bd6 28. g4 Rc8 29. h5 gxh5 30. gxh5 Rh8 31. h6 gxh6 32. Kf3 h5 33. Bf1 Nf6 34. Bh3 Rg8 35. Bf5 Rg7 36. Rc1 Rg8 37. Be1 Ng4 38. Bh4+ f6 39. Rc8 Rxc8 40. Bxc8 Bxb4 41. Bxb7 a5 42.
Bc8 Nh6 43. Ke3 Nf7 44. Kd3 Nd6 45. Be6 Bc5 46. Be1 Bb6 47. Bh4 Nb5 48. Kc4 Nd4 49. Bf5 Nxf5 50. exf5 e4 51. Kb5 Bd4 52. Kc6 Be5 53. Kb5 e3 54. Kxa5 Bc3+ 55. Kb5 e2 56.
Kc6 e1=Q 57. Bxe1 Bxe1 58. d6+ Kd8 59. Kd5 h4 60. Ke6 h3 61. Kxf6 h2 62. Ke6 h1=Q 63. f6 0-1

[Event "*** SCC Grand Prix: Titled Tuesday Blitz"]
[Site "Chess.com"]
[Date "2020.06.23"]
[Round "10"]
[White "dpruess"]
[Black "LionTheLeon_06"]
[Result "0-1"]
[WhiteElo "2502"]
[BlackElo "2705"]
[TimeControl "180+1"]
[EndTime "11:57:52 PDT"]
[Termination "LionTheLeon_06 won on time"]

1. e4 c5 2. Nf3 d6 3. d4 cxd4 4. Nxd4 Nf6 5. Nc3 a6 6. Bg5 e6 7.
f4 Qb6 8. Qd2 Qxb2 9. Rb1 Qa3 10. e5 dxe5 11. fxe5 h6 12. Bh4 g5 13. Bf2 Ng4 14. Bg3 Nd7 15. Nxe6 fxe6 16. Be2 h5 17. Rb3 Qe7 18. O-O h4 19. Bxg4 hxg3 20. h3 Nxe5 21. Be2 Bd7 22. Ne4 O-O-O 23. Qd4 Ng6 24. Qa7 Bc6 25. Bf3 Ne5 26. Rfb1 Nxf3+ 27. gxf3 Bxe4 28. Rc3+ Kd7 29. fxe4 Ke8 30. Rxb7 Qf6 31. Rxg3 Qd4+ 32. Qxd4 Rxd4 33. Rb8+ Kf7 34. Rb7+ Kf6 35. Rf3+ Kg6 36. e5 Bg7 37. Rb6 Re8 38. Rxa6 Bxe5 39. Re3 Rd5 40.
Re4 Rc5 41. c4 Kf5 42. Re1 Rxc4 43. Ra5 Re4 44. Rxe4 Kxe4 45. a4 Bd4+ 46. Kg2 Be3 47.
Rb5 Rd8 48. Rb4+ Kf5 0-1

[Event "*** SCC Grand Prix: Titled Tuesday Blitz"]
[Site "Chess.com"]
[Date "2020.06.23"]
[Round "10"]
[White "kingofkolkata"]
[Black "Mikhal867"]
[Result "0-1"]
[WhiteElo "2238"]
[BlackElo "2364"]
[TimeControl "180+1"]
[EndTime "11:57:53 PDT"]
[Termination "Mikhal867 won by checkmate"]

1. d4 Nf6 2. c4 g6 3. Nc3 Bg7 4. e4 O-O 5. Nf3 d6 6. Be2 e5 7.
O-O Nc6 8. d5 Ne7 9. Ne1 Nd7 10.
Nd3 f5 11. f3 a5 12. Bd2 f4 13. a4 b6 14. b4 axb4 15. Nxb4 Nc5 16. Be1 Bd7 17. Nb5 g5 18. Bf2 h5 19. Bxc5 dxc5 20.
Nd3 Nc8 21. Qd2 Nd6 22. Nf2 Ra5 23. Rfb1 Rf6 24. Nd3 Nxc4 25. Qc3 Bxb5 26. axb5 Rxa1 27. Rxa1 Ne3 28. Ra7 Rf8 29. Qa3 g4 30. Nb2 h4 31.
Nc4 Nc2 32. Qa6 Nd4 33. Bd1 h3 34. d6 gxf3 35. dxc7 Qg5 36. Qa2 fxg2 37. Nxe5+ Kh7 38. Nf3 Nxf3+ 39. Bxf3 Qe5 40. c8=Q Rxc8 41. Qf2 Qd4 42. Rxg7+ Kxg7 43. e5 Re8 44. e6 Rxe6 45. Qxd4+ cxd4 46. Kf2 d3 47. Bd1 d2 48. Kf3 g1=Q 49. Kxf4 Qe3+ 50.
Kf5 Rf6+ 51. Kg4 Rf4+ 52. Kg5 Qe5# 0-1

[Event "*** SCC Grand Prix: Titled Tuesday Blitz"]
[Site "Chess.com"]
[Date "2020.06.23"]
[Round "10"]
[White "Logman74"]
[Black "Playgood28"]
[Result "1/2-1/2"]
[WhiteElo "2457"]
[BlackElo "2276"]
[TimeControl "180+1"]
[EndTime "11:57:54 PDT"]
[Termination "Game drawn by repetition"]

1. d4 f5 2. Nc3 Nf6 3. Bg5 d5 4. Nf3 e6 5. Bxf6 Qxf6 6. Ne5 c6 7. e3 Bd6 8. f4 O-O 9. Qf3 Qe7 10. O-O-O a5 11. g4 Nd7 12. gxf5 exf5 13. h4 Nf6 14. h5 Ne4 15. Nxe4 fxe4 16. Qg3 Bxe5 17. dxe5 a4 18. a3 b5 19. Bh3 Bxh3 20. Rxh3 b4 21. axb4 Qxb4 22.
Rg1 Ra7 23. Qe1 Qc5 24. Qc3 Qxc3 25. bxc3 Rb8 26. h6 g6 27. f5 a3 28. Kd2 a2 29.
Rhh1 Rb1 30. Rxb1 axb1=Q 31. Rxb1 gxf5 32. Rb6 Rc7 33. c4 dxc4 34. Kc3 Kf7 35. Kxc4 Ke6 36. Kd4 Rd7+ 37. Kc5 Rc7 38. c4 Kxe5 39. Rb8 Re7 40. Kxc6 f4 41. exf4+ Kxf4 42. Rf8+ Kg5 43. Kd6 Ra7 44.
c5 Kxh6 45. c6 Kg5 46. c7 Rxc7 47. Kxc7 e3 48. Kd6 Kg4 49. Kd5 e2 50. Re8 Kf3 51. Rf8+ Kg2 52. Re8 Kf2 53. Rf8+ Kg2 54. Re8 Kf2 55.
Rf8+ Kg2 1/2-1/2

[Event "*** SCC Grand Prix: Titled Tuesday Blitz"]
[Site "Chess.com"]
[Date "2020.06.23"]
[Round "10"]
[White "theblitzchamp"]
[Black "Anton_Demchenko"]
[Result "0-1"]
[WhiteElo "2665"]
[BlackElo "2847"]
[TimeControl "180+1"]
[EndTime "11:57:55 PDT"]
[Termination "Anton_Demchenko won by resignation"]

1. d4 Nf6 2. Bf4 g6 3. Nc3 d5 4.
e3 c6 5. h4 h5 6. Nf3 Qb6 7.
Qd2 Qxb2 8. Rb1 Qa3 9. Bd3 Qa5 10. O-O Qd8 11. Ne5 Bg7 12. Bg5 O-O 13. f4 e6 14.
Kh1 Qc7 15. Qd1 Nbd7 16. Nxg6 fxg6 17. Bxg6 b6 18. Rf3 c5 19. Rg3 Ba6 20. e4 cxd4 21. e5 dxc3 22. exf6 Nxf6 23. Bxf6 Rxf6 24. Qxh5 Qxf4 25.
Qh7+ Kf8 26. Rf3 Qe5 27. Rb4 Rxf3 28. gxf3 Ke7 29. Rg4 Rh8 30. f4 Qe1+ 31. Rg1 Qxh4+ 32. Qxh4+ Rxh4+ 33. Kg2 Bd4 34. Kg3 Rxf4 35. Rh1 Be5 36. Rh7+ Rf7+ 37. Kg4 Rxh7 38. Bxh7 Kd6 39. Bd3 Bxd3 40.
Kf3 Bxc2 41. a4 Be4+ 42. Kf2 d4 43. Ke2 Kd5 44. a5 bxa5 45. Kd1 a4 46. Kc1 Kc4 47. Kd1 Bd6 48. Kc1 Bd5 49. Kd1 e5 50.
Kc1 e4 51. Kd1 0-1

[Event "*** SCC Grand Prix: Titled Tuesday Blitz"]
[Site "Chess.com"]
[Date "2020.06.23"]
[Round "10"]
[White "realmadridtv"]
[Black "EvgenyRomanov"]
[Result "0-1"]
[WhiteElo "2478"]
[BlackElo "2631"]
[TimeControl "180+1"]
[EndTime "11:57:55 PDT"]
[Termination "EvgenyRomanov won by checkmate"]

1. d4 Nf6 2. c4 c5 3. d5 b5 4. cxb5 a6 5. bxa6 g6 6. Nc3 Bg7 7. e4 O-O 8. Be2 Qa5 9. e5 Ne4 10.
Nf3 Bxa6 11. O-O Nxc3 12. bxc3 Qxc3 13. Bd2 Qa3 14. Bg5 Re8 15. Re1 d6 16. e6 fxe6 17. dxe6 Bxe2 18. Rxe2 Nc6 19. Rb1 Rab8 20. Rxb8 Rxb8 21.
h4 h6 22. Bf4 Rb4 23. Bxd6 Nd4 24. Re3 Qxa2 25. Qd3 Qb1+ 26. Qxb1 Rxb1+ 27. Kh2 Nxf3+ 28. gxf3 Bd4 29. Bxe7 Bxe3 30. fxe3 c4 31. Bf6 Kf8 32. h5 gxh5 33. Kg3 Rc1 34. Kf4 c3 35. Ke4 c2 36.
Kd3 Rf1 37. Kxc2 Rxf3 38. Bd4 Ke7 39. Kd3 Kxe6 40. Ke4 Rf7 41. Bc3 h4 42. Be1 h3 43.
Bg3 h5 44. Bf4 Rxf4+ 45. exf4 h2 46. f5+ Kf6 47. Kf4 h1=Q 48. Kg3 h4+ 49. Kg4 h3 50.
Kg3 h2 51. Kh3 Qg1 52. Kh4 h1=R# 0-1